 Dungeon Crawl Stone Soup version 0.28.0-47-ge53b351184 (webtiles) character file.

Game seed: 6034071650675316316

481 Icepheonix32 the Chiller (level 6, -4/42 HPs)
             Began as a Demonspawn Ice Elementalist on May 4, 2022.
             Killed from afar by Sigmund (7 damage)
             ... with a magic dart
             ... on level 4 of the Dungeon.
             The game lasted 00:08:54 (5254 turns).

Icepheonix32 the Chiller (DsIE)                     Turns: 5254, Time: 00:08:55

Health: -4/42      AC:  3    Str:  9    XL:     6   Next: 87%
Magic:  1/10       EV: 14    Int: 18    God:
Gold:   123        SH:  0    Dex: 13    Spells: 3/10 levels left

rFire   . . .      SeeInvis .   c - +3 dagger (vamp)
rCold   . . .      Faith    .   (no shield)
rNeg    . . .      Spirit   .   a - +0 robe
rPois   .          Reflect  .   o - +1 hat
rElec   .          Harm     .   (no cloak)
rCorr   .          Rampage  .   (no gloves)
Will    .....                   (no boots)
Stlth   +.........              (no amulet)
HPRegen 0.14/turn               (no ring)
MPRegen 0.12/turn               (no ring)

@: confused
A: horns 2, repulsion field 1
a: no special abilities


You were on level 4 of the Dungeon.
You visited 1 branch of the dungeon, and saw 4 of its levels.

You collected 123 gold pieces.

Inventory:

Hand Weapons
 b - a +0 short sword
 c - a +3 vampiric dagger (weapon)
 p - a +2 falchion of holy wrath
Missiles
 f - a boomerang
 h - 5 atropa-tipped darts
 n - a throwing net
Armour
 a - a +0 robe (worn)
 o - a +1 hat (worn)
Scrolls
 d - a scroll of brand weapon {unknown}
 e - a scroll of teleportation
 g - 2 scrolls of enchant weapon {unknown}
 i - 3 scrolls of identify {unknown}
 j - 2 scrolls of enchant armour {unknown}
 k - a scroll of summoning {unknown}


   Skills:
 + Level 0.5 Fighting
 + Level 0.8 Short Blades
 + Level 0.1 Throwing
 * Level 2.7 Dodging
 + Level 2.0 Stealth
 + Level 2.9 Spellcasting
 * Level 6.6 Ice Magic


You had 3 spell levels left.
You knew the following spells:

 Your Spells              Type           Power      Damage    Failure   Level
a - Freeze                Ice            100%       1d11      1%          1
b - Ozocubu's Armour      Ice            26%        N/A       3%          3
c - Frozen Ramparts       Ice            52%        1d7       3%          3

Your spell library contained the following spells:

 Spells                   Type           Power      Damage    Failure   Level
 Animate Skeleton         Necr           4%         N/A       17%         1
 Apportation              Tloc           4%         N/A       17%         1
 Magic Dart               Conj           8%         1d3       17%         1
 Summon Small Mammal      Summ           8%         N/A       17%         1
 Call Imp                 Summ           2%         N/A       26%         2
 Mephitic Cloud           Conj/Pois/Air  2%         N/A       45%         3
 Hailstorm                Conj/Ice       14%        3d5       38%         4


Dungeon Overview and Level Annotations

Branches:
Dungeon (4/15)
 Temple: D:4-7

Altars:

Annotations:
D:4 Natasha, Sigmund


Innate Abilities, Weirdness & Mutations

You have a pair of horns on your head.
You are surrounded by a mild repulsion field. (EV +2)


Message History

Sigmund points at you and mumbles some strange words.
The magic dart hits you but does no damage.
Sigmund barely misses you.
You feel less confused.
Casting: Frozen Ramparts (dangerous; 3% risk of failure)
Confirm with . or Enter, or press ? or * to list all spells.
Casting: Frozen Ramparts (dangerous; 3% risk of failure)
Press: ? - help, Dir - look around, f - activate The walls around you are covered in ice.
Sigmund points at you and mumbles some strange words.
The puff of flame hits you!
* * * LOW HITPOINT WARNING * * *
Unknown command.
Sigmund casts a spell at you. The magic dart hits you.
* * * LOW HITPOINT WARNING * * *
Unknown command.
Your frozen ramparts will break if you move.
Continue?
The frozen ramparts melt away as you move.
It was a potion of curing.
You feel better. Sigmund closely misses you.
Unknown command.
You closely miss Sigmund.
Sigmund is heavily wounded.
Sigmund points at you and mumbles some strange words.
You are confused.
You closely miss Sigmund. You headbutt Sigmund.
Sigmund is severely wounded.
Sigmund hits you with a +1 vampiric scythe!
* * * LOW HITPOINT WARNING * * *
You're too confused to move!
Sigmund misses you.
You hit Sigmund.
You feel better.
Sigmund is severely wounded.
You're too confused to move!
Sigmund gestures at you while chanting. The puff of flame hits you!
* * * LOW HITPOINT WARNING * * *
You bump into the rock wall.
Sigmund gestures at you while chanting. The magic dart hits you!
You die...

..#..#..##.......... #...
.....##..........................
.....#....#........#........#....
.....#.####........##............
........##..........#..........#.
...................##.......(....
.............#............>##...#
...........)##...@........<....#
..........))รท...@#.............
.....#...)#####..##....).......
...#.##..)### #......).#.......
...###......# ##.......#..##...
.....)......###...........##...
...#.......##..................
.......)..))).................
..............................
..........#....#..............


You could see Sigmund.

Vanquished Creatures
  2 scorpions (D:4)
  A bullfrog zombie (D:3)
  2 hounds (D:4)
  Ijyb (D:4)
  An orc wizard (D:4)
  A hound skeleton (D:4)
  Robin (D:4)
  2 adders
  3 gnolls (D:3)
  An ufetubus (D:4)
  A worm (D:3)
  3 dart slugs (D:2)
  25 orcs
  5 ball pythons
  8 endoplasms
  5 giant cockroaches
  16 goblins
  8 hobgoblins
  5 jackals
  2 quokkas (D:1)
  4 bats
  3 frilled lizards
  5 kobolds
  3 rats
108 creatures vanquished.

Vanquished Creatures (others)
  An orc (D:4)
1 creature vanquished.

Grand Total: 109 creatures vanquished

Notes
Turn   | Place    | Note
-------+----------+-------------------------------------------
     0 | D:1      | Icepheonix32 the Demonspawn Ice Elementalist began the
                  | quest for the Orb.
     0 | D:1      | Reached XP level 1. HP: 13/13 MP: 3/3
   156 | D:1      | Reached skill level 4 in Ice Magic
   157 | D:1      | Gained mutation: You have a pair of small horns on your
                  | head. [demonic ancestry]
   157 | D:1      | Reached XP level 2. HP: 16/19 MP: 0/5
   732 | D:1      | Gained mutation: You have a pair of horns on your head.
                  | [demonic ancestry]
   732 | D:1      | Reached XP level 3. HP: 13/24 MP: 1/6
  1890 | D:2      | Reached skill level 5 in Ice Magic
  2406 | D:3      | Reached XP level 4. HP: 18/30 MP: 0/7
  3182 | D:3      | Learned a level 3 spell: Ozocubu's Armour
  3186 | D:3      | Learned a level 3 spell: Frozen Ramparts
  3362 | D:3      | Found a faded altar of an unknown god.
  4095 | D:3      | Gained mutation: You are surrounded by a mild repulsion
                  | field. (EV +2) [demonic ancestry]
  4095 | D:3      | Reached XP level 5. HP: 6/35 MP: 0/8
  4513 | D:4      | Reached skill level 6 in Ice Magic
  4519 | D:4      | Noticed Ijyb
  4543 | D:4      | Killed Ijyb
  4548 | D:4      | Reached XP level 6. HP: 36/41 MP: 0/9
  4582 | D:4      | Noticed Natasha
  4584 | D:4      | Noticed Sigmund
  4622 | D:4      | HP: 2/42 [hound (4)]
  5046 | D:4      | Noticed Robin
  5230 | D:4      | Killed Robin
  5254 | D:4      | Killed from afar by Sigmund

Illustrated notes

Levels and vault maps discovered:
D:1:      heliophobic_arrival_battle_scene, layout_rooms,
          grunt_decor_mini_mirrors
D:2:      layout_loops_corners, st_stairs_7, minmay_misc_feat_ornament
D:3:      layout_basic, shapermc_ecumenical_altar_petra, serial_park_tiny_pond,
          minmay_misc_feat_iff, dk_noncrumbling_4
D:4:      layout_cave_pools, uniq_natasha, uniq_robin, uniq_sigmund, uniq_ijyb

Skill      XL: |  1  2  3  4  5  6 |
---------------+-------------------+-----
Ice Magic      | 4 5 6 |  6.6
Dodging        | 2 |  2.7
Stealth        | 2 |  2.0
Fighting       | |  0.5
Short Blades   | |  0.8
Throwing       | |  0.1
Spellcasting   | |  2.9

Action                   |  1- 3 |  4- 6 || total
-------------------------+-------+-------++-------
Melee: Unarmed           |     1 |       ||     1
       Dagger            |    74 |   124 ||   198
       Short sword       |    14 |       ||    14
       Headbutt          |     8 |    27 ||    35
       Punch             |     2 |     1 ||     3
Throw: Boomerang         |       |    10 ||    10
 Cast: Freeze            |    22 |     9 ||    31
       Frozen Ramparts   |       |    15 ||    15
       Ozocubu's Armour  |       |     9 ||     9
  Use: Potion            |       |     3 ||     3
       Scroll            |       |     2 ||     2
 Stab: Sleeping          |     7 |     1 ||     8
Armor: Robe              |    22 |    28 ||    50
Dodge: Dodged            |    85 |   115 ||   200
